 Dungeon Crawl Stone Soup version 0.29.0-4-gdea44cf6ec (webtiles) character file.

Game seed: 5506555413437020190

84 qw the Chopper (level 4, -1/58 HPs)
             Began as a Minotaur Berserker on Sept 5, 2022.
             Was a Believer of Trog.
             Slain by a gnoll
             ... wielding a +2 spear of distortion
              (16 damage)
             ... on level 3 of the Dungeon.
             The game lasted 00:00:37 (1790 turns).

qw the Chopper (Minotaur Berserker)                 Turns: 1790, Time: 00:00:37

Health: -1/58      AC:  5    Str: 23      XL:     4   Next: 23%
Magic:  3/3        EV: 11    Int:  1 (4)  God:    Trog [**....]
Gold:   61         SH:  0    Dex: 16      Spells: 3/3 levels left

rFire   . . .      SeeInvis .   Y - +0 war axe
rCold   . . .      Faith    .   (no shield)
rNeg    . . .      Spirit   .   f - +0 ring mail
rPois   .          Reflect  .   (helmet restricted)
rElec   .          Harm     .   (no cloak)
rCorr   .          Rampage  .   (no gloves)
Will    .....                   (no boots)
Stlth   ..........              (no amulet)
HPRegen 0.19/turn               d - +6 ring of dexterity
MPRegen 0.08/turn               (no ring)

@: berserking, very quick
A: horns 2, retaliatory headbutt, deterioration 1, MP-powered wands
a: Renounce Religion, Berserk, Trog's Hand


You were on level 3 of the Dungeon.
You worshipped Trog.
Trog was pleased with you.
You visited 1 branch of the dungeon, and saw 3 of its levels.

You collected 123 gold pieces.
You spent 62 gold pieces at shops.


Innate Abilities, Weirdness & Mutations

You have a pair of horns on your head.
You reflexively headbutt those who attack you in melee.
Your body sometimes deteriorates upon taking damage.
You expend magic power (3 MP) to strengthen your wands.


   Skills:
 - Level 3.6 Fighting
 + Level 6.2 Axes
 - Level 2.4 Armour
 - Level 2.1 Dodging


You had 3 spell levels left.
You didn't know any spells.
Your spell library was empty.

Inventory:

Hand Weapons
 m - a +0 mace
 Y - a +0 war axe (weapon)
Armour
 f - a +0 ring mail (worn)
Jewellery
 d - a +6 ring of dexterity (left hand)
Scrolls
 a - a scroll of identify
Potions
 b - a potion of flight {unknown}
 c - a potion of haste {unknown}
 h - a potion of invisibility {unknown}
 k - a potion of mutation
 l - a potion of might {unknown}

Dungeon Overview and Level Annotations

Branches:
Dungeon (3/15)

Altars:

Shops:
D:1 (=?   D:2 (


Message History

You kill the kobold!
Trog accepts your kill.
You see here a +0 dagger.
You now have 61 gold pieces (gained 11).
Found an escape hatch in the ceiling.
b - a dark potion
c - a purple potion
There is an escape hatch in the ceiling here.
Found a stone staircase leading down. 2 gnolls come into view.
A gnoll is wielding a +2 spear of distortion.
A gnoll is wielding a +1 flail of protection.
Found a blue potion and 14 gold pieces.
The gnoll shouts!
You hear a shout! x7
A rat comes into view.
1782 ||| Stepping ~*~*~tactically~*~*~ (hiding).
1783 ||| Stepping ~*~*~tactically~*~*~ (hiding).
You start waiting.
There are monsters nearby!
1785 ||| INVOKING Berserk.
A red film seems to cover your vision as you go berserk!
You feel yourself moving faster!
You feel mighty!
You closely miss the gnoll. The gnoll barely misses you.
The gnoll closely misses you.
You barely miss the gnoll. You barely miss the gnoll.
Your headbutt misses the gnoll.
The gnoll hits you with a +1 flail of protection.
The gnoll hits you from afar with a +2 spear of distortion!
Space warps horribly around you!!
Your body deteriorates!
You feel dopey.
You slash the gnoll! Your headbutt misses the gnoll.
The gnoll is severely wounded.
The gnoll barely misses you. You furiously retaliate!
You headbutt the gnoll. The gnoll hits you but does no damage.
Space warps horribly around you!
Your body deteriorates!
You feel dopey.
You slash the gnoll!
You kill the gnoll!
Trog accepts your kill.
The gnoll hits you from afar with a +2 spear of distortion.
Space warps horribly around you!
You die...

.$...... ......# .....#
....###### #...#.....
#......... #..g.gg...
......####..###.)##....r
...........##..<@# #.!
..#........##....###
..##...............#
..##...............#
.......>##........##
.......####.....#..#
#..)................#
...#........##.......#
#..#...............##.


You could see a gnoll.

Vanquished Creatures
  Jessica (D:2)
  A gnoll (D:3)
  An adder (D:2)
  2 dart slugs (D:1)
  7 ball pythons
  5 endoplasms
  A giant cockroach (D:1)
  6 goblins
  6 hobgoblins
  2 jackals (D:1)
  4 bats
  3 frilled lizards (D:1)
  3 kobolds
  3 rats
45 creatures vanquished.

Notes
Turn   | Place    | Note
-------+----------+-------------------------------------------
     0 | D:1      | qw the Minotaur Berserker began the quest for the Orb.
     0 | D:1      | Reached XP level 1. HP: 19/19 MP: 0/0
     0 | D:1      | 0 ||| qw: Version: 0.1-a-104-g96f76f8
     0 | D:1      | 0 ||| qw: Game counter: 5938
     0 | D:1      | 0 ||| qw: Always use a shield: true
     0 | D:1      | 0 ||| qw: Do Orc after D:15 true
     0 | D:1      | 0 ||| qw: Do second Lair branch before Depths: true
     0 | D:1      | 0 ||| qw: Lair rune preference: random
     0 | D:1      | 0 ||| qw: Plans: Normal
     0 | D:1      | 0 ||| PLANNING D:1-11
    65 | D:1      | Found Duetulauhi's Jewellery Emporium.
    73 | D:1      | 73 ||| SHOPLISTING +4 ring of evasion (468 gold, have 27).
    73 | D:1      | 73 ||| SHOPLISTING +6 ring of strength (468 gold, have 27).
    73 | D:1      | 73 ||| SHOPLISTING amulet of guardian spirit (390 gold,
                  | have 27).
    73 | D:1      | 73 ||| SHOPLISTING ring of fire (325 gold, have 27).
    73 | D:1      | 73 ||| SHOPLISTING ring of poison resistance (260 gold,
                  | have 27).
    73 | D:1      | 73 ||| SHOPLISTING ring of protection from fire (325 gold,
                  | have 27).
   116 | D:1      | Reached skill level 4 in Axes
   166 | D:1      | Found Jenliroc's Weapon Boutique.
   169 | D:1      | Found a faded altar of an unknown god.
   176 | D:1      | Reached XP level 2. HP: 25/26 MP: 1/1
   188 | D:1      | 188 ||| BUYING +0 club (13 gold).
   188 | D:1      | Bought a +0 club for 13 gold pieces
   188 | D:1      | 188 ||| SHOPLISTING +0 mace (39 gold, have 30).
   284 | D:1      | 284 ||| Stepping ~*~*~tactically~*~*~ (stealth).
   286 | D:1      | 286 ||| Stepping ~*~*~tactically~*~*~ (stealth).
   644 | D:1      | Found Oti Demeang's Magic Scroll Shop.
   647 | D:1      | 647 ||| SHOPLISTING 3 scrolls of enchant armour (292 gold,
                  | have 38).
   647 | D:1      | 647 ||| SHOPLISTING scroll of enchant weapon (97 gold, have
                  | 38).
   647 | D:1      | 647 ||| SHOPLISTING scroll of teleportation (39 gold, have
                  | 38).
   684 | D:1      | Reached skill level 5 in Axes
   738 | D:1      | 738 ||| DROPPING +0 club.
   773 | D:1      | Reached XP level 3. HP: 30/31 MP: 2/2
   818 | D:1      | 818 ||| Stepping ~*~*~tactically~*~*~ (hiding).
   934 | D:1      | 934 ||| UPGRADING to +0 ring mail.
   944 | D:1      | 944 ||| DROPPING +0 animal skin.
   945 | D:1      | 945 ||| UPGRADING to +6 ring of dexterity.
   946 | D:1      | 946 ||| READING 2 scrolls labelled PADIBOK ELEOMO.
   947 | D:1      | 947 ||| READING scroll labelled TAESIYROYB.
   948 | D:1      | 948 ||| READING scroll labelled PYQEPS EZEFITT.
   949 | D:1      | 949 ||| READING scroll labelled INLIACKAUFU.
   950 | D:1      | 950 ||| DRINKING 2 fizzy black potions.
   950 | D:1      | Gained mutation: Your body sometimes deteriorates upon
                  | taking damage. [potion of mutation]
   950 | D:1      | Gained mutation: You expend magic power (3 MP) to
                  | strengthen your wands. [potion of mutation]
   951 | D:1      | 951 ||| Stepping randomly (stuck).
   952 | D:1      | 952 ||| Stepping ~*~*~tactically~*~*~ (cloud).
  1163 | D:2      | Noticed Jessica
  1164 | D:2      | 1164 ||| Stepping ~*~*~tactically~*~*~ (hiding).
  1165 | D:2      | 1165 ||| Stepping ~*~*~tactically~*~*~ (hiding).
  1166 | D:2      | 1166 ||| Stepping ~*~*~tactically~*~*~ (hiding).
  1168 | D:2      | Killed Jessica
  1170 | D:2      | 1170 ||| Stepping ~*~*~tactically~*~*~ (stealth).
  1171 | D:2      | 1171 ||| Stepping ~*~*~tactically~*~*~ (stealth).
  1172 | D:2      | 1172 ||| Stepping ~*~*~tactically~*~*~ (stealth).
  1347 | D:2      | Reached ** piety under Trog
  1348 | D:2      | Reached XP level 4. HP: 39/39 MP: 3/3
  1393 | D:2      | Reached skill level 6 in Axes
  1439 | D:2      | Found Wuarepeck's Weapon Shoppe.
  1443 | D:2      | 1443 ||| BUYING +0 war axe (49 gold).
  1443 | D:2      | Bought a +0 war axe for 49 gold pieces
  1443 | D:2      | 1443 ||| SWAPPING to +0 war axe.
  1444 | D:2      | 1444 ||| DROPPING +0 hand axe.
  1685 | D:2      | 1685 ||| READING scroll labelled FYCOMM SOHI.
  1782 | D:3      | 1782 ||| Stepping ~*~*~tactically~*~*~ (hiding).
  1783 | D:3      | 1783 ||| Stepping ~*~*~tactically~*~*~ (hiding).
  1785 | D:3      | 1785 ||| INVOKING Berserk.
  1790 | D:3      | Slain by a gnoll

Levels and vault maps discovered:
D:1:      dpeg_arrival_three_bigger_balls, layout_loops_ring,
          basic_ecumenical_altar, serial_shops, nicolae_shop_hallway_plus,
          shop_statue, nicolae_shop_behind_doors, amcnicky_mini_pool_small
D:2:      layout_rooms, serial_shops, nicolae_shop_crystal, moated_statue,
          uniq_jessica
D:3:      layout_rooms, trog_antimagical, nicolae_overflow_crystal_walls,
          nicolae_overflow_two_pavilions, minmay_gold_behind_fungi,
          serial_bayou_lagoon_b, uniq_terence, uniq_robin

Skill      XL: |  1  2  3  4 |
---------------+-------------+-----
Axes           | 4 5 6 |  6.2
Fighting       | |  3.6
Armour         | |  2.4
Dodging        | |  2.1

Action                   |  1- 3 |  4- 6 || total
-------------------------+-------+-------++-------
Melee: Hand axe          |    52 |     5 ||    57
       Headbutt          |    11 |     1 ||    12
       War axe           |       |    10 ||    10
Throw: Boomerang         |    29 |     2 ||    31
Invok: Berserk           |       |     1 ||     1
  Use: Scroll            |     4 |     1 ||     5
       Potion            |     1 |       ||     1
Armor: Animal skin       |     5 |       ||     5
       Ring mail         |     2 |     2 ||     4
Dodge: Dodged            |    27 |     5 ||    32

Table legend:
 A = Non-vault XP
 B = Vault XP
 C = Vault XP percentage of total XP
 D = Non-vault monster count
 E = Vault monster count
 F = Vault count percentage of total count
                 A         B        C        D         E       F
            +---------+---------+-------+---------+---------+-------
      Total |      97 |      37 |  27.6 |      44 |       1 |   2.2
            +---------+---------+-------+---------+---------+-------
        D:1 |      48 |       0 |   0.0 |      28 |       0 |   0.0
        D:2 |      33 |      37 |  52.9 |      14 |       1 |   6.7
        D:3 |      16 |       0 |   0.0 |       2 |       0 |   0.0
            +---------+---------+-------+---------+---------+-------
